 Dungeon Crawl Stone Soup version 0.31-a0-667-g39726597b9 (webtiles) character file.

Game seed: 18113970017798751107

4033 LadyOphelia the Basher (level 10, -1/86 HPs)
             Began as a Yellow Draconian Berserker on Sept 4, 2023.
             Was an Elder of Trog.
             Killed by divine providence
             ... invoked by an orc priest
              (12 damage)
             ... on level 10 of the Dungeon.
             The game lasted 00:19:12 (9763 turns).

LadyOphelia the Basher (Yellow Draconian Berserker) Turns: 9763, Time: 00:19:12

Health: -1/86      AC:  7    Str: 25    XL:     10   Next: 4%
Magic:  10/10      EV: 13    Int: 13    God:    Trog [****..]
Gold:   644        SH:  0    Dex: 10    Spells: 9/9 levels left

rFire   + . .        k - +5 great mace of World Downfall {venom, rPois rF+}
rCold   . . .        (shield currently unavailable)
rNeg    . . .        (body armour unavailable)
rPois   +            (helmet currently unavailable)
rElec   .            (cloak currently unavailable)
rCorr   +            (gloves currently unavailable)
SInv    .            (boots currently unavailable)
Will    .....        (no amulet)
Stlth   ++           p - +6 ring of intelligence
HPRegen 0.34/turn    u - ring of poison resistance
MPRegen 0.12/turn

%: no passive effects
@: about to teleport, beast-form, on berserk cooldown, slowed, very slow
A: beast (slay +2), spit acid, AC +7, unfitting armour, cold-blooded, acid
resistance
a: Breathe Acid, Begin Untransformation, Renounce Religion, Berserk, Trog's
Hand, Brothers in Arms


You were on level 10 of the Dungeon.
You worshipped Trog.
Trog was greatly pleased with you.
You were a hulking beast.
You visited 1 branch of the dungeon, and saw 10 of its levels.

You collected 644 gold pieces.

Inventory:

Hand Weapons
 a - a +0 mace
 g - a +4 quarterstaff of chaos
 k - the +5 great mace of World Downfall (weapon) {venom, rPois rF+}
   (You acquired it on level 2 of the Dungeon)

   rF+:       It protects you from fire.
   rPois:     It protects you from poison
 y - a +3 hand axe
Armour
 B - a +0 cloak of poison resistance
Jewellery
 p - a +6 ring of intelligence (left hand)
 t - a ring of see invisible
 u - a ring of poison resistance (right hand)
 A - a ring of willpower
 F - a +4 ring of protection
Talismans
 b - a beast talisman (active)
Wands
 C - a wand of digging (5)
 D - a wand of flame (3)
 E - a wand of mindburst (13)
Scrolls
 c - 3 scrolls of fear {unknown}
 d - a scroll of enchant armour {unknown}
 e - a scroll of torment {unknown}
 h - 3 scrolls of teleportation
 j - 3 scrolls of noise
 m - a scroll of immolation
 o - 3 scrolls of blinking
 s - a scroll of vulnerability {unknown}
 v - 2 scrolls of fog
 w - a scroll of revelation {unknown}
 x - a scroll of enchant weapon {unknown}
Potions
 f - a potion of haste {unknown}
 i - 5 potions of curing
 l - 2 potions of invisibility
 n - 3 potions of mutation
 q - a potion of attraction {unknown}
 r - 5 potions of ambrosia
 z - a potion of enlightenment {unknown}


   Skills:
 + Level 7.6 Fighting
 + Level 10.9 Maces & Flails
 + Level 5.6 Dodging
 + Level 3.2 Stealth
 + Level 3.9 Shapeshifting


You had 9 spell levels left.
You didn't know any spells.
Your spell library contained the following spells:

 Spells                   Type           Power      Damage    Failure   Level
 Hailstorm                Conj/Ice       0%         3d3       67%         3
 Summon Ice Beast         Ice/Summ       0%         N/A       97%         4
 Simulacrum               Ice/Necr       0%         N/A       100%        6


Dungeon Overview and Level Annotations

Branches:
Dungeon (10/15)            Temple (0/1) D:5
   Lair: D:8-11         Orc: D:9-12

Altars:
Dithmenos
Kikubaaqudgha
Qazlal
Ru
Uskayaw
Wu Jian
Xom

Shops:
D:6 =

Annotations:
D:9 1 runed translucent door


Innate Abilities, Weirdness & Mutations

You are a hulking beast.
Your limbs bulge with bestial killing power. (Slay +2)
You can spit globs of acid.
Your golden yellow scales are hard. (AC +7)
You cannot fit into any form of body armour.
You are cold-blooded and may be slowed by cold attacks.
You are resistant to acid. (rCorr)


Message History

The orc warrior unwields a +0 war axe.
The orc warrior wields a +4 orcbow of flaming.
It bursts into flame!
The orc warrior shoots an arrow.
The arrow hits you. The orc hits you but does no damage.
The orc priest misses you.
You bludgeon the orc!!
You kill the orc!
Trog accepts your kill.
An orc comes into view. It is wielding a +0 club.
The orc barely misses you. The orc priest misses you.
Something hits you but does no damage.
The orc priest looks satisfied for a moment.
The orc hits you but does no damage. The orc priest closely misses you.
The orc priest misses you. The orc misses you.
The orc priest mumbles some strange prayers to Beogh against you.
Something writhes in agony!
Something hits you.
Things that are here:
a +0 whip; a +0 leather armour
There are monsters nearby!
As you read the scroll of teleportation, it crumbles to dust.
You feel strangely unstable.
You hear some strange, mumbled words.
A puff of flame appears from out of thin air!
The puff of flame hits you. You resist. Something hits you.
An orc comes into view. It is wielding a +0 dagger.
The orc barely misses you.
The orc priest calls down the wrath of Beogh upon you.
Pain shoots through your body!
* * * LOW HITPOINT WARNING * * *
The sentinel's mark upon you fades away.
Something hits you.
* * * LOW HITPOINT WARNING * * *
Something hits you but does no damage.
The orc priest mumbles some strange prayers to Beogh against you.
Something writhes in agony!
Reactivating autopickup.
The orc warrior shoots an arrow.
The orc hits you with a +0 short sword.
* * * LOW HITPOINT WARNING * * *
The orc priest invokes the aid of Beogh against you.
Beogh smites you!
You die...

+.......#..#######........
#.......#.................
#.......#.................
#.......#.............o...
#.......#.#####......oo...
+.......#.# #.........#
#####'###.# #.........#
..........# +..)o.....#
..........# #.hoo.....#
.########## #.o.......#
#.........# #.#########
##..≈≈≈≈D .≈..... .≈.≈≈≈.
.≈≈...≈ .≈≈._.≈


You could see an orc warrior, 3 orc priests and 3 orcs.

Vanquished Creatures
  An unseen horror (D:10)
  A hornet (D:8)
  A steam dragon (D:9)
  An acid dragon (D:10)
  A water moccasin (D:8)
  A black bear (D:5)
  2 ice beasts
  A sky beast (D:6)
  A centaur (D:7)
  4 ogres
  5 kobold brigands
  4 bullfrogs
  3 scorpions
  4 wights (D:7)
  9 killer bees (D:8)
  2 howler monkeys
  Crazy Yiuf (D:7)
  A gnoll bouda (D:4)
  4 hounds
  2 jellies
  7 orc priests
  2 iguanas
  10 orc wizards
  8 adders
  An ufetubus (D:4)
  A worm (D:2)
  5 dart slugs
  34 orcs
  3 ball pythons
  7 bats
  8 endoplasms
  6 giant cockroaches
  7 goblins
  7 hobgoblins
  4 jackals (D:2)
  8 quokkas
  3 frilled lizards
  A goblin zombie (D:5)
  26 kobolds
  A quokka zombie (D:5)
  4 rats
202 creatures vanquished.

Vanquished Creatures (others)
  2 orc wizards (D:10)
2 creatures vanquished.

Grand Total: 204 creatures vanquished

Notes
Turn   | Place    | Note
-------+----------+-------------------------------------------
     0 | D:1      | LadyOphelia the Draconian Berserker began the quest for the
                  | Orb.
     0 | D:1      | Reached XP level 1. HP: 19/19 MP: 1/1
   148 | D:1      | Reached XP level 2. HP: 26/26 MP: 2/2
   441 | D:1      | Reached ** piety under Trog
   759 | D:1      | Reached XP level 3. HP: 30/31 MP: 3/3
  1099 | D:2      | HP: 1/31 [poisoned by an adder]
  1415 | D:2      | Reached XP level 4. HP: 29/39 MP: 4/4
  1547 | D:2      | Identified a scroll of acquirement
  1547 | D:2      | Acquired the +5 great mace of World Downfall {venom, rPois
                  | rF+}
  1721 | D:3      | Found a stormy altar of Qazlal.
  1805 | D:3      | Reached skill level 1 in Shapeshifting
  1808 | D:3      | Reached skill level 4 in Maces & Flails
  1893 | D:3      | Reached *** piety under Trog
  2219 | D:3      | Reached XP level 5. HP: 46/46 MP: 5/5
  2449 | D:4      | Reached skill level 5 in Maces & Flails
  2449 | D:4      | Reached skill level 1 in Stealth
  2449 | D:4      | Reached XP level 6. HP: 16/52 MP: 6/6
  3050 | D:4      | Found a shimmering altar of Xom.
  3107 | D:4      | Found an ancient bone altar of Kikubaaqudgha.
  3163 | D:4      | Found a hide-covered altar of Uskayaw.
  3369 | D:4      | Reached skill level 6 in Maces & Flails
  3369 | D:4      | Your scales start taking on a golden yellow colour.
  3369 | D:4      | Reached XP level 7. HP: 60/60 MP: 7/7
  3369 | D:4      | Gained mutation: You are resistant to acid. (rCorr) [Yellow
                  | Draconian growth]
  3654 | D:5      | Entered Level 5 of the Dungeon
  3666 | D:5      | Found a sand-covered staircase.
  4359 | D:5      | Reached skill level 5 in Fighting
  4388 | D:5      | Reached skill level 7 in Maces & Flails
  4410 | D:5      | Found a staircase to the Ecumenical Temple.
  4524 | D:5      | Identified the +11 sling "Fusoyhu" {freeze, Dex+3}
  4550 | D:5      | Reached **** piety under Trog
  4847 | D:6      | Reached XP level 8. HP: 54/68 MP: 8/8
  5291 | D:6      | Reached skill level 8 in Maces & Flails
  5575 | D:6      | Found Feuli's Jewellery Shop.
  6004 | D:7      | Found an ornate altar of the Wu Jian Council.
  6024 | D:7      | Reached skill level 9 in Maces & Flails
  6274 | D:7      | Reached XP level 9. HP: 39/70 MP: 9/9
  7131 | D:7      | Found a runed translucent door.
  7132 | D:7      | Noticed Crazy Yiuf
  7137 | D:7      | Killed Crazy Yiuf
  7355 | D:8      | Reached skill level 5 in Dodging
  7612 | D:8      | Reached skill level 10 in Maces & Flails
  8078 | D:8      | Found a shadowy altar of Dithmenos.
  9412 | D:9      | Found a runed translucent door.
  9684 | D:10     | Entered Level 10 of the Dungeon
  9736 | D:10     | Found a sacrificial altar of Ru.
  9748 | D:10     | Killed an unseen horror
  9749 | D:10     | Reached XP level 10. HP: 63/86 MP: 10/10
  9763 | D:10     | Killed from afar by an orc priest

Illustrated notes

Levels and vault maps discovered:
D:1:      dpeg_arrival_chambers_temple_mockup, layout_basic
D:2:      layout_rooms
D:3:      layout_basic, nicolae_qazlal_general_emergency, supply_closet_lemuel
D:4:      cheibrodos_barr_body, layout_loops_ring, amcnicky_altar_gilded,
          lemuel_tele_altar, mainiacjoe_overflow_24_doors
D:5:      layout_basic, minmay_temple_entry_purple_smoke, enter_ossuary_4
D:6:      layout_loops_corners, serial_shops, shop
D:7:      layout_loops_cross, mainiacjoe_overflow_catwalk,
          minmay_tree_intersection, uniq_crazy_yiuf_cottage
D:8:      layout_layer_cave, grunt_dithmenos_smoke_and_mirrors,
          grunt_ministairs_12
D:9:      gammafunk_indiana_jones, layout_cave_pools
D:10:     layout_irregular_city, mainiacjoe_overflow_paths, erik_orc_1

Skill      XL: |  1  2  3  4  5  6  7  8  9 |
---------------+----------------------------+-----
Dodging        | 3 4 5 |  5.6
Shapeshifting  | 1 2 3 |  3.9
Maces & Flails | 4 5 6 7 9 10 | 10.9
Fighting       | 4 5 6 7 |  7.6
Stealth        | 1 2 3 |  3.2

Action                     |  1- 3 |  4- 6 |  7- 9 | 10-12 || total
---------------------------+-------+-------+-------+-------++-------
  Melee: Mace              |   125 |    12 |       |       ||   137
         Tailslap          |    10 |     6 |    26 |     4 ||    46
         Great mace        |       |    86 |   221 |     7 ||   314
 Invoke: Berserk           |       |     2 |     5 |     1 ||     8
    Use: Scroll            |       |     6 |     4 |     1 ||    11
   Stab: Sleeping          |     2 |     1 |     2 |       ||     5
 Armour: Skin              |    89 |    94 |   217 |    27 ||   427
  Dodge: Dodged            |    98 |    72 |   172 |    20 ||   362
   Form: Beast             |     1 |       |       |       ||     1

Table legend: (Time is in decaauts)
 A = Elapsed time spent in this place.
 B = Non-inter-level travel time spent in this place.
 C = Inter-level travel time spent in this place.
 D = Time resting spent in this place.
 E = Time spent auto-exploring this place.
 F = Levels seen in this place.
 G = Mean time per level.
                   A        B        C        D        E       F      G
               +--------+--------+--------+--------+--------+-----+--------+
         Total |   9958 |   9786 |    172 |   2092 |   5620 |  10 |  995.8 |
       Dungeon |   9958 |   9786 |    172 |   2092 |   5620 |  10 |  995.8 |
               +--------+--------+--------+--------+--------+-----+--------+

Top non-repeatable levels by time:
     D:7: 1661 daAuts
     D:8: 1614 daAuts
     D:4: 1404 daAuts
     D:5: 1124 daAuts
     D:6: 1054 daAuts
     D:1: 1006 daAuts
     D:2: 702 daAuts
     D:9: 677 daAuts
     D:3: 633 daAuts
    D:10: 79 daAuts
